 Dungeon Crawl Stone Soup version 0.31.0-11-ge490571c62 (webtiles) character file.

Game seed: 11577419042029372624

1247 qw the Skirmisher (level 8, -3/44 HPs)
             Began as a Deep Elf Hunter on Feb 3, 2024.
             Was a Believer of Okawaru.
             Slain by an orc warrior
             ... wielding a +0 great sword
              (4 damage)
             ... on level 6 of the Dungeon.
             The game lasted 00:01:31 (3844 turns).

qw the Skirmisher (Deep Elf Hunter)                 Turns: 3844, Time: 00:01:32

Health: -3/44      AC: 10    Str: 16    XL:     8   Next: 25%
Magic:  13/13      EV: 12    Int: 15    God:    Okawaru [**....]
Gold:   232        SH:  0    Dex: 18    Spells: 7/7 levels left

rFire   . . .        g - +1 orcbow
rCold   . . .        (shield currently unavailable)
rNeg    . . .        e - +0 ring mail
rPois   .            h - +1 helmet
rElec   .            (no cloak)
rCorr   .            b - +2 pair of gloves
SInv    .            (no boots)
Will    .....        (no amulet)
Stlth   +            d - +6 ring of strength
HPRegen 0.27/turn    (no ring)
MPRegen 0.13/turn

%: no passive effects
@: about to teleport
A: no striking features
a: Renounce Religion, Heroism


You were on level 6 of the Dungeon.
You worshipped Okawaru.
Okawaru was pleased with you.
You visited 1 branch of the dungeon, and saw 6 of its levels.

You collected 288 gold pieces.
You spent 56 gold pieces at shops.


   Skills:
 + Level 2.0 Fighting
 - Level 12.0 Ranged Weapons
 - Level 1.1 Armour
 - Level 4.2 Dodging
 - Level 1.2 Stealth
 - Level 4.0 Invocations


You had 7 spell levels left.
You didn't know any spells.
Your spell library was empty.

Inventory:

Hand Weapons
 g - a +1 orcbow (weapon)
Armour
 b - a +2 pair of gloves (worn)
 e - a +0 ring mail (worn)
 h - a +1 helmet (worn)
 j - the +1 pair of boots of Ravioli {Harm rN+ Int+2 Dex+3}
   (You found it on level 3 of the Dungeon)

   Int+2:     It affects your intelligence (+2).
   Dex+3:     It affects your dexterity (+3).
   rN+:       It protects you from negative energy.
   Harm:      It increases damage dealt and taken.
Jewellery
 d - a +6 ring of strength (left hand)
 m - the ring of the Invisible Beggars {^Contam rF- rC+ Slay+5 SInv}
   (You found it on level 6 of the Dungeon)

   [ring of protection from cold]

   Slay+5:    It affects your accuracy & damage with ranged weapons and melee
   (+5).
   rF-:       It makes you vulnerable to fire.
   rC+:       It protects you from cold.
   SInv:      It lets you see invisible.
   ^Contam:   It causes magical contamination when unequipped.
Wands
 f - a wand of paralysis (7)
Scrolls
 c - 4 scrolls of teleportation
 k - a scroll of poison {unknown}
 l - 2 scrolls of identify
Potions
 a - a potion of mutation
 i - a potion of curing
 n - 2 potions of invisibility {unknown}

Dungeon Overview and Level Annotations

Branches:
Dungeon (6/15)             Temple (0/1) D:5

Altars:
Dithmenos
Kikubaaqudgha
Nemelex Xobeh
Okawaru
Yredelemnul

Shops:
D:2 [

Annotations:
D:6 Pikel


Message History

A wight comes into view. It is wielding a +0 falchion.
A lemure comes into view.
Enter note:
Enter note:
3832 ||| RETREEEEATING.
You shoot an arrow.
The arrow closely misses the orc warrior.
You shoot an arrow.
The arrow closely misses the orc warrior.
The arrow hits the wight!
The wight is severely damaged.
A lemure comes into view.
Enter note:
3835 ||| RETREEEEATING.
Pikel, Merchant of Souls comes into view.
He is wielding a +1 whip of flaming and wearing a +0 robe of cold resistance.
3837 ||| RETREEEEATING.
You shoot an arrow.
The arrow hits the orc warrior but does no damage.
The orc warrior misses you.
You shoot an arrow.
The arrow barely misses the orc warrior.
The orc warrior hits you with a +0 great sword!
You shoot an arrow.
The arrow barely misses the orc warrior. x2
The orc warrior hits you with a +0 great sword!
You shoot an arrow. The arrow hits the orc warrior!
The orc warrior is moderately wounded.
The orc warrior completely misses you.
You shoot an arrow.
The arrow hits the orc warrior but does no damage.
The orc warrior is moderately wounded.
The orc warrior hits you with a +0 great sword!
You shoot an arrow. The arrow hits the orc warrior!
The orc warrior is severely wounded.
The orc warrior hits you with a +0 great sword!
3844 ||| READING 5 scrolls of teleportation.
As you read the scroll of teleportation, it crumbles to dust.
You feel strangely unstable.
The orc warrior hits you with a +0 great sword.
You die...

#.####.##.#
#)# #.##.#
#.# #.##.#
...###.##.#
.#.....##.#
#.
.#..###.#
## ##..#
#.#
#.##.5###.#
#...Koo@..#
####.z#####
#..# #..#
#z.# 5...
#5#.. ##
K.... ..
.......


You could see Pikel, 2 orc warriors, a lemure and a wight.

Vanquished Creatures
  A black bear (D:6)
  An ogre (D:5)
  2 centaurs (D:5)
  2 phantoms (D:6)
  2 scorpions (D:5)
  2 jellies
  A bombardier beetle (D:6)
  2 hounds
  3 orc priests
  2 sleepcaps
  2 iguanas (D:5)
  3 orc wizards
  3 gnolls (D:4)
  9 adders
  A shadow imp (D:5)
  4 ufetubi
  A dart slug (D:1)
  9 orcs
  6 ball pythons
  2 bats (D:1)
  9 endoplasms
  3 giant cockroaches
  7 goblins
  5 hobgoblins
  4 jackals (D:1)
  7 kobolds
  4 quokkas
  4 frilled lizards
  6 rats
107 creatures vanquished.

Notes
Turn   | Place    | Note
-------+----------+-------------------------------------------
     0 | D:1      | qw the Deep Elf Hunter began the quest for the Orb.
     0 | D:1      | Reached XP level 1. HP: 12/12 MP: 3/3
     0 | D:1      | 0 ||| qw: Version: 0.3-a-155-g5e7d8dd
     0 | D:1      | 0 ||| qw: Game counter: 3287
     0 | D:1      | 0 ||| qw: Melee chars always use a shield: true
     0 | D:1      | 0 ||| qw: God list: Okawaru
     0 | D:1      | 0 ||| qw: Allow faded altars: false
     0 | D:1      | 0 ||| qw: Do Orc after clearing Dungeon:15 true
     0 | D:1      | 0 ||| qw: Do second Lair branch before Depths: true
     0 | D:1      | 0 ||| qw: Lair rune preference: random
     0 | D:1      | 0 ||| qw: Goals: Normal
     0 | D:1      | 0 ||| PLANNING D:1-11
    86 | D:1      | Reached skill level 6 in Ranged Weapons
    86 | D:1      | Reached XP level 2. HP: 16/16 MP: 4/4
   252 | D:1      | Reached XP level 3. HP: 20/20 MP: 5/5
   598 | D:1      | 598 ||| UPGRADING to +0 helmet.
   603 | D:1      | 603 ||| READING scroll labelled QISAXK YRAU.
   603 | D:1      | 603 ||| ENCHANTING +0 shortbow.
   604 | D:1      | 604 ||| READING scroll labelled OMAMEV SOSO.
   605 | D:1      | 605 ||| READING scroll labelled ZUCZOU ILYJES.
   605 | D:1      | 605 ||| ENCHANTING +0 helmet.
   606 | D:1      | 606 ||| DRINKING 2 grey potions.
   607 | D:1      | 607 ||| DRINKING 3 lumpy sapphire potions.
   608 | D:1      | 608 ||| DROPPING scroll of butterflies.
   609 | D:1      | 609 ||| DROPPING potion of attraction.
   670 | D:2      | Reached skill level 7 in Ranged Weapons
   688 | D:2      | 688 ||| READING scroll of enchant weapon.
   688 | D:2      | 688 ||| ENCHANTING +1 shortbow.
   776 | D:2      | Found Nayrr's Armour Shoppe.
   788 | D:2      | 788 ||| BUYING +0 ring mail (56 gold).
   788 | D:2      | Bought a +0 ring mail for 56 gold pieces
   788 | D:2      | 788 ||| SHOPLISTING +2 pair of boots of rampaging (301
                  | gold, have 2).
   788 | D:2      | 788 ||| SHOPLISTING +2 pair of boots of stealth (301 gold,
                  | have 2).
  1200 | D:2      | 1200 ||| UPGRADING to +1 pair of gloves.
  1205 | D:2      | 1205 ||| UPGRADING to +0 ring mail.
  1215 | D:2      | 1215 ||| DROPPING +0 leather armour.
  1216 | D:2      | 1216 ||| UPGRADING to +6 ring of strength.
  1217 | D:2      | 1217 ||| READING scroll labelled ONGEHAUJOTS.
  1318 | D:2      | 1318 ||| READING scroll labelled PIEZUCS MAITEA.
  1500 | D:3      | Found an iron altar of Okawaru.
  1501 | D:3      | 1501 ||| PLANNING OKAWARU WORSHIP
  1501 | D:3      | Found a sparkling altar of Nemelex Xobeh.
  1503 | D:3      | Found a basalt altar of Yredelemnul.
  1508 | D:3      | Became a worshipper of Warmaster Okawaru
  1509 | D:3      | 1509 ||| PLANNING D:1-11
  1519 | D:3      | 1519 ||| READING scroll of enchant armour.
  1519 | D:3      | 1519 ||| ENCHANTING +1 pair of gloves.
  1580 | D:3      | Reached XP level 4. HP: 25/25 MP: 6/6
  1697 | D:3      | 1697 ||| RETREEEEATING.
  1703 | D:3      | Reached skill level 8 in Ranged Weapons
  1704 | D:3      | 1704 ||| RETREEEEATING.
  1718 | D:3      | Reached XP level 5. HP: 13/29 MP: 7/7
  2099 | D:3      | Identified the +1 pair of boots of Ravioli {Harm rN+ Int+2
                  | Dex+3}
  2108 | D:3      | 2108 ||| READING scroll of identify.
  2108 | D:3      | 2108 ||| IDENTIFYING scroll labelled NUYG PUIVO
  2109 | D:3      | 2109 ||| READING scroll of brand weapon.
  2109 | D:3      | 2109 ||| BRANDING +2 shortbow.
  2160 | D:4      | 2160 ||| DRINKING 2 potions of curing.
  2160 | D:4      | 2160 ||| (to cure confusion)
  2167 | D:4      | Reached skill level 9 in Ranged Weapons
  2266 | D:4      | Reached skill level 3 in Dodging
  2301 | D:4      | Found an ancient bone altar of Kikubaaqudgha.
  2346 | D:4      | Reached XP level 6. HP: 35/35 MP: 8/8
  2392 | D:4      | Reached skill level 1 in Armour
  2400 | D:4      | Reached * piety under Okawaru
  2532 | D:4      | 2532 ||| READING scroll of identify.
  2532 | D:4      | 2532 ||| IDENTIFYING amethyst potion
  2533 | D:4      | 2533 ||| READING 4 scrolls labelled IWICEITUTU.
  2538 | D:4      | 2538 ||| READING scroll labelled DAUTUE LYNOG.
  2539 | D:4      | 2539 ||| DROPPING potion of degeneration.
  2557 | D:5      | Entered Level 5 of the Dungeon
  2561 | D:5      | Reached skill level 1 in Invocations
  2607 | D:5      | 2607 ||| SWAPPING to +0 orcbow.
  2612 | D:5      | 2612 ||| DROPPING +2 shortbow of draining.
  2633 | D:5      | 2633 ||| READING scroll of enchant weapon.
  2633 | D:5      | 2633 ||| ENCHANTING +0 orcbow.
  2794 | D:5      | Reached XP level 7. HP: 40/40 MP: 9/11
  2815 | D:5      | Reached skill level 10 in Ranged Weapons
  2815 | D:5      | Reached skill level 3 in Invocations
  2898 | D:5      | Reached ** piety under Okawaru
  3170 | D:5      | Reached skill level 11 in Ranged Weapons
  3358 | D:5      | Found a staircase to the Ecumenical Temple.
  3383 | D:5      | Found a shadowy altar of Dithmenos.
  3427 | D:5      | 3427 ||| DROPPING amulet of magic regeneration.
  3428 | D:5      | 3428 ||| READING scroll of identify.
  3428 | D:5      | 3428 ||| IDENTIFYING bubbling inky potion
  3429 | D:5      | 3429 ||| READING scroll labelled XELOLE XOPH.
  3449 | D:6      | 3449 ||| RETREEEEATING.
  3450 | D:6      | 3450 ||| RETREEEEATING.
  3451 | D:6      | 3451 ||| RETREEEEATING.
  3454 | D:6      | 3454 ||| INVOKING Heroism.
  3527 | D:6      | Reached XP level 8. HP: 38/44 MP: 13/13
  3781 | D:6      | Reached skill level 12 in Ranged Weapons
  3801 | D:6      | Identified the ring of the Invisible Beggars {^Contam rF-
                  | rC+ Slay+5 SInv}
  3832 | D:6      | 3832 ||| RETREEEEATING.
  3835 | D:6      | 3835 ||| RETREEEEATING.
  3836 | D:6      | Noticed Pikel
  3837 | D:6      | 3837 ||| RETREEEEATING.
  3843 | D:6      | HP: 1/44 [orc warrior/+0 great sword (14)]
  3844 | D:6      | 3844 ||| READING 5 scrolls of teleportation.
  3844 | D:6      | Slain by an orc warrior

Levels and vault maps discovered:
D:1:      nagdon_arrival_zigzag_paths, layout_rooms, supply_closet_lemuel,
          serial_bayou_pond_c, serial_bayou_pond_e, st_stairs_4,
          minmay_misc_feat_roman, skrybe_limestone_x, moated_statue,
          dk_noncrumbling_4
D:2:      layout_basic, serial_shops, shop, minmay_pentomino_o2
D:3:      layout_basic, chequers_temple_overflow_statue_of_worship
D:4:      layout_rooms, lemuel_crystal_altar, serial_bayou_pond_c
D:5:      layout_basic, kennysheep_mini, minmay_temple_entry_poolview
D:6:      layout_loops_ring, sword_in_stone, uniq_pikel

Skill      XL: |  1  2  3  4  5  6  7  8 |
---------------+-------------------------+-----
Ranged Weapons | 6 7 8 9 11 12 | 12.0
Fighting       | 2 |  2.0
Dodging        | 3 4 |  4.2
Armour         | 1 |  1.1
Invocations    | 2 4 |  4.0
Stealth        | |  1.2

Action                     |  1- 3 |  4- 6 |  7- 9 || total
---------------------------+-------+-------+-------++-------
   Fire: Shortbow          |   117 |    77 |       ||   194
         Orcbow            |       |    17 |   159 ||   176
 Invoke: Heroism           |       |       |     1 ||     1
    Use: Scroll            |     7 |     6 |     3 ||    16
         Potion            |     2 |     1 |       ||     3
 Armour: Leather armour    |    20 |       |       ||    20
         Ring mail         |       |    23 |    74 ||    97
  Dodge: Dodged            |    27 |    17 |    84 ||   128

Table legend:
 A = Non-vault XP
 B = Vault XP
 C = Vault XP percentage of total XP
 D = Non-vault monster count
 E = Vault monster count
 F = Vault count percentage of total count
                 A         B        C        D         E       F
            +---------+---------+-------+---------+---------+-------
      Total |    1776 |       6 |   0.3 |     104 |       3 |   2.8
            +---------+---------+-------+---------+---------+-------
        D:1 |      55 |       4 |   6.8 |      30 |       2 |   6.2
        D:2 |      30 |       2 |   6.2 |      12 |       1 |   7.7
        D:3 |     120 |       0 |   0.0 |      18 |       0 |   0.0
        D:4 |     251 |       0 |   0.0 |      14 |       0 |   0.0
        D:5 |     820 |       0 |   0.0 |      20 |       0 |   0.0
        D:6 |     500 |       0 |   0.0 |      10 |       0 |   0.0
            +---------+---------+-------+---------+---------+-------
